 Dungeon Crawl Stone Soup version 0.22.1-1-ga44c0e56f4 (webtiles) character file.

32 Jynx the Skirmisher (level 3, 0/29 HPs)
             Began as a Demonspawn Berserker on Nov 4, 2018.
             Was a Follower of Trog.
             Killed from afar by Sigmund (10 damage)
             ... with a puff of flame
             ... on level 2 of the Dungeon.
             The game lasted 00:03:15 (1485 turns).

Jynx the Skirmisher (Demonspawn Berserker)          Turns: 1485, Time: 00:03:15

Health: 0/29       AC:  6    Str: 17    XL:     3   Next: 8%
Magic:  3/3        EV: 12    Int:  8    God:    Trog [*.....]
Gold:   69         SH:  0    Dex: 13    Spells: 2/2 levels left

rFire    . . .     SeeInvis .   a - +0 mace
rCold    . . .     Gourm    .   (no shield)
rNeg     . . .     Faith    .   f - +0 leather armour
rPois    .         Spirit   .   o - +0 helmet
rElec    .         Reflect  .   (no cloak)
rCorr    .         Harm     .   (no gloves)
MR       .....                  (no boots)
Stlth    +.........             (no amulet)
HPRegen  0.09/turn              (no ring)
MPRegen  0.08/turn              (no ring)

@: lethally poisoned (0 -> -3), berserk cooldown, slowed, very slow
A: iridescent scales 1, powered by death 1
a: Berserk, Renounce Religion


You were on level 2 of the Dungeon.
You worshipped Trog.
Trog was aware of your devotion.
You were near starving.

You visited 1 branch of the dungeon, and saw 2 of its levels.

You collected 69 gold pieces.

Inventory:

Hand Weapons
 a - a +0 mace (weapon)
Armour
 f - a +0 leather armour (worn)
 o - a +0 helmet (worn)
Scrolls
 b - a scroll of magic mapping {unknown}
 d - a scroll of fog {unknown}
 g - 3 scrolls of identify
 j - a scroll of random uselessness {unknown}
 m - a scroll of remove curse {unknown}
 p - a scroll of teleportation {unknown}
 q - a scroll of immolation {unknown}
Potions
 e - a potion of might
 h - a potion of brilliance {unknown}
 i - 2 potions of heal wounds
 k - a potion of mutation {unknown}
 l - a potion of curing {unknown}
Comestibles
 c - 8 rations


   Skills:
 + Level 3.3 Fighting
 + Level 3.3 Maces & Flails
 + Level 1.9 Armour
 + Level 2.0 Dodging


You had 2 spell levels left.
You didn't know any spells.
Your spell library was empty.

Dungeon Overview and Level Annotations

Branches:
Dungeon (2/15)

Altars:
Elyvilon

Annotations:
D:2 Sigmund


Innate Abilities, Weirdness & Mutations

You are partially covered in iridescent scales. (AC +2)
You regenerate a little health from kills.


Message History

The goblin hits you but does no damage.
You hear a zap.
Something tries to affect you, but you resist.
You hear some strange, mumbled words.
A magic dart appears from out of thin air!
The magic dart hits you! The goblin hits you but does no damage.
You hit something.
You feel sick. Something hits you! The goblin barely misses you.
You hit something but do no damage.
You feel less wooden.
Your +0 helmet unmelds from your body.
Your +0 leather armour unmelds from your body.
You feel sick. The goblin barely misses you.
You hear some strange, mumbled words.
A puff of flame appears from out of thin air!
The puff of flame misses you. The goblin hits you with a club.
You hear some strange, mumbled words.
A puff of flame appears from out of thin air!
The puff of flame hits you!
You die...

#..#### #.....# ##
+###.....# #. _###...).#
#. ## #+# #.....#####.
#.. #.# #.....'...#.
####..###.###.....###.#.
..................##....
######@#..#......##..#.
.....!g{##.#########..#.
####....##..# #..#.
#....###.# #..#. ......#
.# #..#. .......#
.########..#' .........
............. .)......#
.###......(..
............


You could see a goblin.

Vanquished Creatures
  2 dart slugs
  2 leopard geckos (D:1)
  5 bats
  A giant cockroach (D:1)
  3 goblins (D:1)
  3 hobgoblins
  A kobold (D:1)
  2 frilled lizards
  8 rats
27 creatures vanquished.

Notes
Turn   | Place    | Note
-------+----------+-------------------------------------------
     0 | D:1      | Jynx the Demonspawn Berserker began the quest for the Orb.
     0 | D:1      | Reached XP level 1. HP: 18/18 MP: 1/1
   115 | D:1      | Gained mutation: You regenerate a little health from kills.
                  | [demonic ancestry]
   115 | D:1      | Reached XP level 2. HP: 17/24 MP: 2/2
  1302 | D:2      | Gained mutation: You are partially covered in iridescent
                  | scales. (AC +2) [demonic ancestry]
  1302 | D:2      | Reached XP level 3. HP: 26/29 MP: 3/3
  1453 | D:2      | Found a white marble altar of Elyvilon.
  1466 | D:2      | Noticed Sigmund
  1485 | D:2      | Killed from afar by Sigmund

Skill      XL: |  1  2 |
---------------+-------+-----
Maces & Flails | 3 |  3.3
Dodging        | 2 |  2.0
Fighting       | |  3.3
Armour         | |  1.9

Action                   || total
-------------------------++-------
Melee: Mace              ||    92
Invok: Berserk           ||     1
  Use: Scroll            ||     1
       Potion            ||     1
  Eat: Chunk             ||     1
Armor: Animal skin       ||     6
       Leather armour    ||    21
       Skin              ||    14
Dodge: Dodged            ||    67
